 Dungeon Crawl Stone Soup version 0.17.1-2-g5865329 (webtiles) character file.

249 Ratboiler the Stinger (level 5, 0/40 HPs)
             Began as a Vampire Venom Mage on Feb 8, 2016.
             Slain by a gnoll
             ... wielding a +0 halberd
              (3 damage)
             ... on level 4 of the Dungeon.
             The game lasted 00:16:03 (4313 turns).

Ratboiler the Stinger (Vampire Venom Mage)          Turns: 4313, Time: 00:16:04

Health: 0/40       AC:  3    Str: 12    XL:     5   Next: 86%
Magic:  0/9        EV:  7    Int: 17    God:
Gold:   122        SH:  0    Dex: 15    Spells: 3 memorised, 4 levels left

rFire  . . .     SeeInvis +     a - +1 falchion (venom)
rCold  . . .     Clarity  .     t - +0 robe
rNeg   + . .     SustAt   +     (no shield)
rPois  .         Gourm    .     (no helmet)
rElec  .         Spirit   .     x - +0 cloak
rCorr  .         Warding  .     (no gloves)
rMut   .         Stasis   .     (no boots)
MR     .....                    (no amulet)
Stlth  ++........               p - ring of sustain attributes
                                e - +4 ring of strength

@: very slightly contaminated, not resistant to hostile enchantments, unstealthy
A: fangs 3, see invisible, unbreathing
a: Bat Form


You were on level 4 of the Dungeon.
You were not thirsty.

You visited 1 branch of the dungeon, and saw 4 of its levels.

You collected 122 gold pieces.

Inventory:

Hand Weapons
 a - a +1 falchion of venom (weapon)
 b - a +0 blowgun
 d - a +0 hand axe
 j - a +2 dagger of pain
Missiles
 g - 16 arrows of frost
 i - 3 curare-tipped needles
 k - 9 sling bullets
 r - 19 exploding sling bullets
 u - 16 poisoned needles
Armour
 t - a +0 robe (worn)
 x - a +0 cloak (worn)
Jewellery
 e - a +4 ring of strength (left hand)
 p - a ring of sustain attributes (right hand)
Scrolls
 c - a scroll of identify
 l - 2 scrolls of magic mapping
 n - a scroll of enchant weapon {unknown}
 o - 3 scrolls of enchant armour {unknown}
 q - 4 scrolls of remove curse
 s - a scroll of amnesia
 w - a scroll of random uselessness {unknown}
 z - a scroll of recharging {unknown}
Potions
 f - 2 potions of lignification
 h - 4 potions of curing
 m - a potion of heal wounds {unknown}
Books
 v - a Young Poisoner's Handbook

   Spells                             Type                      Level
   a - Sting                          Conjuration/Poison           1
   b - Cure Poison                    Poison                       2
   c - Mephitic Cloud                 Conjuration/Poison/Air       3
   d - Olgreb's Toxic Radiance        Poison                       4
   e - Venom Bolt                     Conjuration/Poison           5


   Skills:
 + Level 2.9 Fighting
 - Level 2.1 Dodging
 - Level 3.0 Stealth
 - Level 3.0 Spellcasting
 - Level 2.0 Conjurations
 - Level 2.2 Air Magic
 - Level 3.6 Poison Magic


You had 4 spell levels left.
You knew the following spells:

 Your Spells              Type           Power        Failure   Level  Hunger
a - Sting                 Conj/Pois      ##..         6%          1    None
b - Cure Poison           Pois           ##........   10%         2    ##.....
c - Mephitic Cloud        Conj/Pois/Air  ##......     21%         3    ###....


Dungeon Overview and Level Annotations

Branches:
Dungeon (4/15)
 Temple: D:4-7

Altars:
Fedhas
Gozag
Qazlal
Xom
The Shining One


Innate Abilities, Weirdness & Mutations

You have razor-sharp teeth.
You have supernaturally acute eyesight.
You can survive without breathing.


Message History

Casting: Mephitic Cloud
Confirm with . or Enter, or press ? or * to list all spells.
Aiming: Mephitic Cloud
Press: ? - help, Shift-Dir - straight line, f/p - gnoll
Aim: a gnoll, wielding a halberd You miscast Mephitic Cloud.
You hear a crackling sound.
The gnoll hits you with a halberd!
* * * LOW HITPOINT WARNING * * *
Casting: Mephitic Cloud
Confirm with . or Enter, or press ? or * to list all spells.
Aiming: Mephitic Cloud
Press: ? - help, Shift-Dir - straight line, f/p - gnoll
Aim: a gnoll, wielding a halberd The ball explodes into a vile cloud!
The stinking cloud engulfs the gnoll.
The stinking cloud engulfs the gnoll.
The stinking cloud engulfs you!
The gnoll is engulfed in noxious fumes.
The gnoll appears confused.
The gnoll is engulfed in noxious fumes.
The gnoll appears confused.
The gnoll hits you with a halberd.
You die...

·······▒▒
▒·▒········▒·▒····▒▒
·······
▒·▒·▒▒▒▒▒▒·▒·▒····'·
▒▒▒▒▒·▒·▒▒▒▒▒
▒·▒▒···▒▒
············▒
▒·▒▒···▒▒
▒▒▒▒▒·▒·▒▒▒·▒
▒·▒▒····· ▒·▒·▒
▒·▒▒····· ▒ ▒g▒
▒·▒▒▒▒▒·· ▒g▒ ▒·▒
▒·· ▒@▒ ▒·▒ ▒·· ▒▒▒
▒o▒ ▒·· ▒·▒ ▒▒· ▒·▒
▒· ▒·▒ ▒· ▒·▒▒▒▒▒▒·
▒·)······
▒▒▒▒▒▒▒▒▒▒·[······
▒▒▒·················


You could see 2 gnolls.

Vanquished Creatures
  An orc priest (D:4)
  Crazy Yiuf (D:3)
  An orc wizard (D:4)
  An iguana (D:3)
  5 adders
  4 worms
  A giant gecko (D:4)
  3 orcs (D:4)
  4 giant cockroaches
  8 hobgoblins
  4 quokkas
  9 bats
  6 giant newts
  2 goblins
  15 jackals
  12 kobolds
  8 rats
85 creatures vanquished.

Notes
Turn   | Place    | Note
--------------------------------------------------------------
     0 | D:1      | Ratboiler the Vampire Venom Mage began the quest for the Orb.
     0 | D:1      | Reached XP level 1. HP: 13/13 MP: 3/3
   318 | D:1      | Reached XP level 2. HP: 19/19 MP: 5/5
   322 | D:1      | Learned a level 2 spell: Cure Poison
   911 | D:2      | Reached XP level 3. HP: 22/24 MP: 3/7
   962 | D:2      | Reached skill level 1 in Conjurations
   975 | D:2      | Learned a level 3 spell: Mephitic Cloud
  1362 | D:2      | Found a glowing golden altar of the Shining One.
  1480 | D:2      | Reached skill level 1 in Air Magic
  1521 | D:2      | Reached XP level 4. HP: 22/30 MP: 3/8
  1926 | D:2      | Found a shimmering altar of Xom.
  1929 | D:2      | Found a blossoming altar of Fedhas.
  1932 | D:2      | Found a stormy altar of Qazlal.
  3303 | D:3      | Reached XP level 5. HP: 36/36 MP: 9/9
  3397 | D:3      | Noticed Crazy Yiuf
  3405 | D:3      | Killed Crazy Yiuf
  3405 | D:3      | Reached skill level 1 in Fighting
  3859 | D:4      | Found an opulent altar of Gozag.
  3957 | D:4      | Noticed a centaur
  4313 | D:4      | Slain by a gnoll

Action                   |  1- 3 |  4- 6 || total
-------------------------+-------+-------++-------
Melee: Hand axe          |    85 |    42 ||   127
       Falchion          |       |    76 ||    76
 Cast: Sting             |    35 |    20 ||    55
       Mephitic Cloud    |     2 |    15 ||    17
       Cure Poison       |       |     3 ||     3
  Use: Potion            |     1 |    14 ||    15
       Scroll            |       |     7 ||     7
 Stab: Sleeping          |     8 |     6 ||    14
       Confused          |     1 |     2 ||     3
       Distracted        |     1 |       ||     1
  Eat: Corpse            |       |     3 ||     3
